 Dungeon Crawl Stone Soup version 0.31-a0-1278-g11c5b68f87 (webtiles) character file.

Game seed: 9568651470326822282

58 pokeman the Magician (level 3, -3/20 HPs)
             Began as a Deep Elf Hedge Wizard on Dec 17, 2023.
             Killed by miscasting Mephitic Cloud (10 damage)
             ... on level 2 of the Dungeon.
             The game lasted 00:02:28 (1616 turns).

pokeman the Magician (Deep Elf Hedge Wizard)        Turns: 1616, Time: 00:02:29

Health: -3/20      AC:  3    Str:  7    XL:     3   Next: 75%
Magic:  2/11       EV: 12    Int: 20    God:
Gold:   10         SH:  0    Dex: 14    Spells: 4/12 levels left

rFire   + . .        b - +1 dagger (venom)
rCold   . . .        (no shield)
rNeg    . . .        j - +0 leather armour {rF+}
rPois   .            c - +0 hat
rElec   .            (no cloak)
rCorr   .            (no gloves)
SInv    .            (no boots)
Will    .....        (no amulet)
Stlth   ++           (no ring)
HPRegen 0.23/turn    (no ring)
MPRegen 0.12/turn

%: no passive effects
@: very slightly contaminated
A: no striking features
a: no special abilities


You were on level 2 of the Dungeon.
You visited 1 branch of the dungeon, and saw 2 of its levels.

You collected 10 gold pieces.

Inventory:

Hand Weapons
 b - a +1 dagger of venom (weapon)
Armour
 c - a +0 hat (worn)
 j - a +0 leather armour of fire resistance (worn)
Scrolls
 a - a scroll of revelation {unknown}
 f - 2 scrolls of immolation {unknown}
 g - a scroll of acquirement {unknown}
 i - 2 scrolls of enchant weapon {unknown}
Potions
 d - a potion of magic
 e - 2 potions of cancellation {unknown}
 h - a potion of heal wounds {unknown}


   Skills:
 - Level 1.0 Fighting
 - Level 1.0 Armour
 + Level 2.5 Dodging
 + Level 2.4 Stealth
 * Level 5.3 Spellcasting
 + Level 2.0 Conjurations
 - Level 1.1 Summonings
 - Level 1.1 Translocations


You had 4 spell levels left.
You knew the following spells:

 Your Spells              Type           Power      Damage    Failure   Level
a - Magic Dart            Conj           52%        1d5       7%          1
b - Mephitic Cloud        Conj/Pois/Air  8%         N/A       36%         3
c - Call Imp              Summ           18%        N/A       16%         2
d - Blink                 Tloc           18%        N/A       16%         2

Your spell library contained the following spells:

 Spells                   Type           Power      Damage    Failure   Level
 Slow                     Hex            20%        N/A       16%         1
 Cigotuvi's Dreadful Rot  Necr/Pois/Air  10%        N/A       24%         2
 Summon Forest            Summ/Tloc      4%         N/A       96%         5
 Summon Mana Viper        Hex/Summ       7%         N/A       98%         5
 Summon Cactus Giant      Summ           4%         N/A       100%        6


Dungeon Overview and Level Annotations

Branches:
Dungeon (2/15)

Altars:


Message History

You hit the worm but do no damage. The bat hits you but does no damage.
The worm barely misses you.
The worm bites itself.
You hit the worm.
The worm is moderately wounded.
The bat closely misses you.
You hit the worm.
The worm is poisoned.
The worm is heavily wounded.
The worm seems less confused.
The bat barely misses you.
You hit the worm.
The worm is severely wounded.
The bat completely misses you. The worm bites you!
* * * LOW HITPOINT WARNING * * *
Unknown command.
The bat hits you but does no damage.
Casting: Mephitic Cloud (astonishingly dangerous; 36% risk of failure)
Confirm with . or Enter, or press ? or * to list all spells.
Aiming: Magic Dart (safe; 7% risk of failure)
Press: ? - help, Shift-Dir - straight line, f/p - worm
Aim: a worm (severely wounded, very poisoned, 100% to hit)
The magic dart hits the bat.
The bat is moderately wounded.
The bat completely misses you.
Unknown command.
Casting: Magic Dart (safe; 7% risk of failure)
Confirm with . or Enter, or press ? or * to list all spells.
Aiming: Magic Dart (safe; 7% risk of failure)
Press: ? - help, Shift-Dir - straight line, f/p - worm
Aim: a worm (severely wounded, very poisoned, 100% to hit)
Okay, then.
Unknown command.
Casting: Magic Dart (safe; 7% risk of failure)
Confirm with . or Enter, or press ? or * to list all spells.
Aiming: Mephitic Cloud (astonishingly dangerous; 36% risk of failure)
Press: ? - help, Shift-Dir - straight line, f/p - worm
Aim: a worm (severely wounded, very poisoned, chance to affect: 81%)
You miscast Mephitic Cloud.
You are very lightly contaminated with residual magic.
Electricity courses through your body!
Ouch! That really hurt!
You die...

#...................
#.....#+####.###....
#.###.#......# #....
##.#####.#.....######
#.... .........#.#.#.#
####....
...#####.....#.#
#.......
...###.#.#...#.#
#.......
...........#...#
#.......
######.#.#@#####
#....... #...#.#...
###....... #####w#
#.###......... .....>b.#
#.......##....
..........#.......##....
..................##....
############..(...##....
........###.........
#######'########....


You could see a worm (very poisoned) and a bat.

Vanquished Creatures
  2 adders (D:2)
  A dart slug (D:2)
  4 giant cockroaches
  4 goblins (D:1)
  4 hobgoblins
  7 jackals (D:1)
  A quokka (D:1)
  3 bats
  5 frilled lizards
  4 kobolds
35 creatures vanquished.

Notes
Turn   | Place    | Note
-------+----------+-------------------------------------------
     0 | D:1      | pokeman the Deep Elf Hedge Wizard began the quest for the
                  | Orb.
     0 | D:1      | Reached XP level 1. HP: 10/10 MP: 7/7
   217 | D:1      | Reached XP level 2. HP: 16/16 MP: 5/9
   621 | D:1      | Reached skill level 5 in Spellcasting
   704 | D:1      | Found a faded altar of an unknown god.
   947 | D:1      | Reached XP level 3. HP: 20/20 MP: 4/11
   951 | D:1      | Learned a level 3 spell: Mephitic Cloud
   954 | D:1      | Learned a level 2 spell: Call Imp
   957 | D:1      | Learned a level 2 spell: Blink
  1335 | D:2      | Reached skill level 1 in Armour
  1420 | D:2      | Reached skill level 1 in Fighting
  1616 | D:2      | Killed by miscasting Mephitic Cloud

Illustrated notes

Levels and vault maps discovered:
D:1:      dpeg_arrival_rhombus, layout_rooms,
          shapermc_ecumenical_altar_starsandcircs, minmay_door_square,
          dk_noncrumbling_2
D:2:      cheibrodos_pilgrimage, layout_basic

Skill      XL: |  1  2  3 |
---------------+----------+-----
Spellcasting   | 5 |  5.3
Armour         | 1 |  1.0
Fighting       | 1 |  1.0
Conjurations   | 2 |  2.0
Dodging        | |  2.5
Stealth        | |  2.4
Summonings     | |  1.1
Translocations | |  1.1

Action                     || total
---------------------------++-------
  Melee: Dagger            ||    24
   Cast: Magic Dart        ||    79
         Mephitic Cloud    ||     2
 Armour: Robe              ||     8
         Leather armour    ||     9
  Dodge: Dodged            ||    23

Table legend: (Time is in decaauts)
 A = Elapsed time spent in this place.
 B = Non-inter-level travel time spent in this place.
 C = Inter-level travel time spent in this place.
 D = Time resting spent in this place.
 E = Time spent auto-exploring this place.
 F = Levels seen in this place.
 G = Mean time per level.
                   A        B        C        D        E       F      G
               +--------+--------+--------+--------+--------+-----+--------+
         Total |   1615 |   1571 |     44 |      0 |   1367 |   2 |  807.5 |
       Dungeon |   1615 |   1571 |     44 |      0 |   1367 |   2 |  807.5 |
               +--------+--------+--------+--------+--------+-----+--------+

Top non-repeatable levels by time:
     D:1: 1121 daAuts
     D:2: 494 daAuts
